 Dungeon Crawl Stone Soup version 0.26.0-18-gc5c842f807 (webtiles) character file.

Game seed: 17922290913485860414

95 thiole the Sneak (level 4, 0/40 HPs)
             Began as an Octopode Hedge Wizard on Jan 22, 2021.
             Succumbed to an adder's poison
             ... on level 2 of the Dungeon.
             The game lasted 00:02:47 (1875 turns).

thiole the Sneak (Octopode Hedge Wizard)            Turns: 1875, Time: 00:02:48

Health: 0/40       AC: 22    Str:  9    XL:     4   Next: 65%
Magic:  9/9        EV:  2    Int: 17    God:
Gold:   35         SH:  0    Dex: 11    Spells: 9/10 levels left

rFire    . . .     SeeInvis .   n - +2 short sword (holy)
rCold    . . .     Faith    .   (no shield)
rNeg     + + +     Spirit   .   (helmet currently unavailable)
rPois    +         Reflect  .   (no amulet)
rElec    .         Harm     .   (no ring)
rCorr    .         Rampage  .   (no ring)
Will     .....     NoTele   +   (no ring)
Stlth    ++........             (no ring)
HPRegen  0.13/turn              (no ring)
MPRegen  0.11/turn              (no ring)
                                (no ring)
                                (no ring)

@: lethally poisoned (0 -> -1), tree-form (expiring)
A: almost no armour, stealthy swim, (amphibious), 8 rings, (constrict 8), rugged
brown scales 1, no potion heal 1
a: no special abilities


You were on level 2 of the Dungeon.
You were a tree.
You visited 1 branch of the dungeon, and saw 2 of its levels.

You collected 35 gold pieces.

Inventory:

Hand Weapons
 a - a +0 dagger
 d - a +2 short sword of venom
 n - a +2 short sword of holy wrath (weapon)
Armour
 b - a +1 hat (melded)
Jewellery
 k - an uncursed ring of ice
Scrolls
 c - a scroll of teleportation
 e - a scroll of remove curse {unknown}
 f - a scroll of enchant armour
 h - 2 scrolls of identify
 i - a scroll of random uselessness {unknown}
 j - a scroll of fear {unknown}
 l - a scroll of blinking {unknown}


   Skills:
 - Level 2.0 Dodging
 + Level 4.3 Stealth
 + Level 3.7 Spellcasting
 - Level 2.0 Conjurations
 - Level 2.0 Summonings
 - Level 1.0 Translocations


You had 9 spell levels left.
You knew the following spells:

 Your Spells              Type           Power        Failure   Level
a - Magic Dart            Conj           36%          7%          1

Your spell library contained the following spells:

 Spells                   Type           Power        Failure   Level
 Call Imp                 Summ           9%           11%         2
 Blink                    Tloc           N/A          16%         2
 Slow                     Hex            3%           24%         2
 Conjure Flame            Conj/Fire      6%           32%         3
 Mephitic Cloud           Conj/Pois/Air  5%           36%         3


Dungeon Overview and Level Annotations

Branches:
Dungeon (2/15)

Altars:
Kikubaaqudgha


Innate Abilities, Weirdness & Mutations

You cannot wear most types of armour.
You are very stealthy in the water. (Stealth+)
((You are amphibious.))
You can wear up to eight rings at the same time.
((You can use your tentacles to constrict eight enemies at once.))
((Your skin changes colour to match your surroundings (Stealth+).))
((Your rubbery body absorbs attacks. (AC +1, EV +1)))
(You are partially covered in rugged brown scales. (AC +1, +3% HP))
((Your flesh is cold resistant. (rC+)))
Potions are less effective at restoring your health.


Message History

There is a lethal amount of poison in your body!
Sorry, you're not good enough to have a special ability.
There is a lethal amount of poison in your body!
* * * LOW HITPOINT WARNING * * *
You feel sick.
* * * LOW HITPOINT WARNING * * *
You feel sick.
* * * LOW HITPOINT WARNING * * *
You feel sick.
* * * LOW HITPOINT WARNING * * *
You feel sick.
* * * LOW HITPOINT WARNING * * *
You feel sick.
Your transformation is almost over.
* * * LOW HITPOINT WARNING * * *
You feel sick.
As you read the scroll labelled UMNACKUUVY, it crumbles to dust.
It is a scroll of enchant armour.
Your +0 hat glows green for a moment.
You die...

......#######...#.#.#
.....>..............#
......####.#....#####
#...#.# # #.......##
...##.# #..####..#
#..##.# #...##..##(#
#..##.. .....#...)..#
#..# ## ##.#.#..##..#
#..#######. ##)♣##.#
.......... ##)†#.#
..)##### ..[#.#
..<...# #..##.#
..###.# ####..# ..# #
## ..# ### ##


There were no monsters in sight!

Vanquished Creatures
  4 adders (D:2)
  A gnoll (D:1)
  2 oozes
  A leopard gecko (D:2)
  2 giant cockroaches (D:1)
  4 goblins
  4 hobgoblins
  3 jackals (D:1)
  8 kobolds
  3 bats
  2 frilled lizards
  4 rats
38 creatures vanquished.

Notes
Turn   | Place    | Note
-------+----------+-------------------------------------------
     0 | D:1      | thiole the Octopode Hedge Wizard began the quest for the
                  | Orb.
     0 | D:1      | Reached XP level 1. HP: 11/11 MP: 4/4
   445 | D:1      | Reached XP level 2. HP: 17/17 MP: 4/6
   449 | D:1      | Reached skill level 3 in Stealth
   702 | D:1      | Reached XP level 3. HP: 21/21 MP: 1/7
  1497 | D:2      | Found an ancient bone altar of Kikubaaqudgha.
  1505 | D:2      | Reached XP level 4. HP: 16/27 MP: 2/9
  1839 | D:2      | Reached skill level 4 in Stealth
  1852 | D:2      | Gained mutation: Potions are less effective at restoring
                  | your health. [potion of mutation]
  1852 | D:2      | Gained mutation: You are partially covered in rugged brown
                  | scales. (AC +1, +3% HP) [potion of mutation]
  1852 | D:2      | Gained mutation: Your flesh is cold resistant. (rC+)
                  | [potion of mutation]
  1860 | D:2      | HP: 2/40 [poisoned by an adder]
  1867 | D:2      | HP: 1/40 [poisoned by an adder]
  1875 | D:2      | Succumbed to an adder's poison

Illustrated notes

Levels and vault maps discovered:
D:1:      dpeg_arrival_three_smaller_balls, layout_basic, minmay_heptomino_h4
D:2:      layout_loops_ring, marbit_many_paths, old_standard_altar,
          lemuel_zombie_altar_yredelemnul, minmay_close_crescents, uniq_natasha

Skill      XL: |  1  2  3  4 |
---------------+-------------+-----
Stealth        | 3 4 |  4.3
Conjurations   | 2 |  2.0
Summonings     | 2 |  2.0
Dodging        | |  2.0
Spellcasting   | |  3.7
Translocations | |  1.0

Action                   |  1- 3 |  4- 6 || total
-------------------------+-------+-------++-------
Melee: Dagger            |    31 |       ||    31
       Constrict         |     9 |     3 ||    12
       Tentacles         |     7 |     2 ||     9
       Short sword       |     2 |    18 ||    20
 Cast: Magic Dart        |    60 |     9 ||    69
  Use: Scroll            |     2 |     1 ||     3
       Potion            |       |     2 ||     2
Armor: Skin              |     3 |       ||     3
Dodge: Dodged            |    25 |     9 ||    34
